 Dungeon Crawl Stone Soup version 0.28.0-1-gb440e238dd (webtiles) character file.

Game seed: 8833275933612844891

592121 hikkokomori the Ruinous (level 27, -19/134 HPs)
             Began as a Gargoyle Earth Elementalist on Feb 22, 2022.
             Was the Champion of Vehumet.
             Killed from afar by an orb of fire (40 damage)
             ... with a bolt of fire
             ... on level 5 of the Realm of Zot on Feb 23, 2022.
             The game lasted 07:39:18 (97592 turns).

hikkokomori the Ruinous (GrEE)                     Turns: 97592, Time: 07:39:18

Health: -19/134    AC: 40    Str: 27    XL:     27
Magic:  3/50       EV: 21    Int: 33    God:    Vehumet [******]
Gold:   6183       SH: 13    Dex: 13    Spells: 5/64 levels left

rFire   + . .      SeeInvis +   T - +9 broad axe (freeze)
rCold   + + +      Faith    .   O - +2 buckler {AC+3}
rNeg    + + +      Spirit   .   p - +4 skin of Zhor {*Englaciate rC+++ SInv}
rPois   ∞          Reflect  +   b - +2 helmet of Time Monsters {+Inv Str+8 SInv}
rElec   +          Harm     .   H - +1 cloak of Starlight {*Dazzle EV+4 Stlth--}
rCorr   .          Rampage  .   Z - +2 pair of gloves {Dex+3}
Will    ++++.                   U - +0 pair of boots "Beaseh Larch" {Will+ Int+4 Stlth+}
Stlth   ++++......              r - amulet of the Scarab {Reflect Fragile rN++ Str+5 SH+5}
HPRegen 0.00/turn               X - ring of Finality {rN+ Will+ Str-5 Int+6}
MPRegen 0.32/turn               N - ring of Equivalence {rF+ MP+9 Slay+2}

@: flying, inhibited regen, studying 2 skills, unable to read
A: sickness immunity, AC +20, big wings, negative energy resistance 1,
electricity resistance, torment resistance 1, petrification resistance, frail 2,
low MP 1, screaming 1, inhibited regeneration, inability to read while
threatened
}: 3/15 runes: decaying, silver, gossamer
a: Renounce Religion, Evoke Invisibility


You were on level 5 of the Realm of Zot.
You worshipped Vehumet.
Vehumet was exalted by your worship.
You visited 11 branches of the dungeon, and saw 49 of its levels.
You also visited: Ossuary, Gauntlet and Ice Cave.

You collected 9073 gold pieces.
You spent 2890 gold pieces at shops.

Inventory:

Hand Weapons
 L - the +7 broad axe "Gargoyle's Peril" {holy, rCorr Dex+3}
   (You found it on level 2 of the Realm of Zot)

   It has been blessed by the Shining One to cause great damage to the undead
   and demons.
   Dex:       It affects your dexterity (+3).
   rCorr:     It protects you from acid and corrosion.
 T - a +9 broad axe of freezing (weapon)
Missiles
 i - 6 curare-tipped darts
Armour
 b - the +2 helmet of Time Monsters (worn) {+Inv Str+8 SInv}
   (You found it on level 1 of the Spider Nest)

   Str:       It affects your strength (+8).
   SInv:      It lets you see invisible.
   +Inv:      It lets you turn invisible.
 h - the +1 pair of boots of Biteki {rF+ rN+ Dex+3}
   (You found it on level 1 of the Depths)

   Dex:       It affects your dexterity (+3).
   rF:        It protects you from fire.
   rN:        It protects you from negative energy.
 p - the +4 skin of Zhor (worn) {*Englaciate rC+++ SInv}
   (You found it in an ice cave)

   It radiates cold, occasionally slowing all nearby creatures who are not
   resistant to cold.
   rC:        It renders you almost immune to cold.
   SInv:      It lets you see invisible.
 w - a +0 tower shield of reflection
 F - a +1 hat of stealth
 H - the +1 cloak of Starlight (worn) {*Dazzle EV+4 Stlth--}
   (You found it on level 3 of the Lair of Beasts)

   It may blind those who miss an attack against the wearer in melee combat.
   EV:        It affects your evasion (+4).
   Stlth:     It makes you much less stealthy.
 K - the +3 buckler of the Stag {rF+ rC+ Str+4}
   (You found it on level 5 of the Vaults)

   Str:       It affects your strength (+4).
   rF:        It protects you from fire.
   rC:        It protects you from cold.
 O - a +2 buckler of protection (worn)
 U - the +0 pair of boots "Beaseh Larch" (worn) {Will+ Int+4 Stlth+}
   (You found it on level 5 of the Vaults)

   Int:       It affects your intelligence (+4).
   Will:      It increases your willpower.
   Stlth:     It makes you more stealthy.
 Z - a +2 pair of gloves of dexterity (worn)
Jewellery
 d - the ring of the Wizarding Genius {Will+ rCorr EV+4}
   (You took it off a black draconian on level 4 of the Realm of Zot)

   [ring of evasion]

   EV:        It affects your evasion (+4).
   rCorr:     It protects you from acid and corrosion.
   Will:      It increases your willpower.
 e - the ring "Amoufa" {Int+6 Dex+3 SInv}
   (You found it in a Gauntlet)

   [ring of see invisible]

   Int:       It affects your intelligence (+6).
   Dex:       It affects your dexterity (+3).
   SInv:      It lets you see invisible.
 r - the amulet of the Scarab (around neck) {Reflect Fragile rN++ Str+5 SH+5}
   (You took it off a yaktaur captain on level 5 of the Vaults)

   [amulet of reflection]

   It reflects blocked missile attacks.
   Str:       It affects your strength (+5).
   rN:        It greatly protects you from negative energy.
   Fragile:   It will be destroyed if unequipped.
   SH:        It affects your SH (+5).
 N - the ring of Equivalence (right hand) {rF+ MP+9 Slay+2}
   (You found it on level 1 of the Elven Halls)

   [ring of magical power]

   Slay:      It affects your accuracy & damage with ranged weapons and melee
   (+2).
   rF:        It protects you from fire.
   MP:        It affects your magic capacity (+9).
 X - the ring of Finality (left hand) {rN+ Will+ Str-5 Int+6}
   (You found it in an ice cave)

   [ring of intelligence]

   Str:       It affects your strength (-5).
   Int:       It affects your intelligence (+6).
   rN:        It protects you from negative energy.
   Will:      It increases your willpower.
Wands
 a - a wand of paralysis (16)
 m - a wand of acid (13)
 s - a wand of iceblast (12)
 J - a wand of mindburst (18)
 P - a wand of digging (13)
 R - a wand of flame (65)
Scrolls
 c - 4 scrolls of magic mapping
 f - 8 scrolls of enchant armour
 k - 17 scrolls of teleportation
 n - 5 scrolls of blinking
 o - 4 scrolls of enchant weapon
 q - 3 scrolls of holy word
 u - 5 scrolls of fear
 z - a scroll of silence
 D - 4 scrolls of brand weapon
 M - 4 scrolls of amnesia
 W - 8 scrolls of fog
Potions
 g - 20 potions of curing
 l - 6 potions of might
 t - 3 potions of berserk rage
 v - 6 potions of ambrosia
 x - 9 potions of brilliance
 C - 3 potions of invisibility
 E - 8 potions of haste
 G - 3 potions of resistance
 I - 6 potions of mutation
 S - 3 potions of magic
 Y - 2 potions of cancellation
Miscellaneous
 j - a lightning rod (4/4)
 A - a condenser vane (inert)
 Q - a phantom mirror
 V - a phial of floods


   Skills:
 - Level 16.0 Fighting
 - Level 9.3 Axes
 - Level 7.6 Armour
 - Level 12.2 Dodging
 - Level 13.7 Stealth
 - Level 10.0 Shields
 + Level 19.4 Spellcasting
 + Level 21.2 Conjurations
 - Level 4.3 Hexes
 + Level 8.7 Summonings
 + Level 9.0 Necromancy
 - Level 2.2 Transmutations
 - Level 3.9 Fire Magic
 - Level 12.3 Ice Magic
 - Level 8.3 Air Magic
 - Level 21.0 Earth Magic
 + Level 12.2 Evocations


You had 5 spell levels left.
You knew the following spells:

 Your Spells              Type           Power      Damage    Failure   Level
a - Lehudib's Crystal Sp  Conj/Erth      53%        10d13     1%          8
b - Passwall              Tmut/Erth      69%        N/A       0%          2
c - Ozocubu's Refrigerat  Ice            42%        4d13      1%          7
d - Swiftness             Air            72%        N/A       1%          3
e - Orb of Destruction    Conj           53%        9d13      1%          7
f - Borgnjor's Vile Clut  Necr/Erth      46%        N/A       1%          5
g - Freezing Cloud        Conj/Ice/Air   45%        6-21      1%          5
h - Spellforged Servitor  Conj/Summ      46%        N/A       1%          7
i - Lightning Bolt        Conj/Air       46%        1d66      1%          5
j - Ozocubu's Armour      Ice            85%        N/A       1%          3
k - Summon Mana Viper     Hex/Summ       66%        N/A       2%          5
l - Blink                 Tloc           64%        N/A       1%          2

Your spell library contained the following spells:

 Spells                   Type           Power      Damage    Failure   Level
 Chain Lightning          Conj/Air       46%        3d61      58%         9
 Ignition                 Fire           27%        3d9       98%         8
 Foxfire                  Conj/Fire      100%       2x1d9     0%          1
 Magic Dart               Conj           100%       1d8       0%          1
 Sandblast                Erth           100%       2d20      0%          1
 Shock                    Conj/Air       100%       1d9       0%          1
 Searing Ray              Conj           100%       2d8       0%          2
 Conjure Flame            Conj/Fire      86%        6-21      0%          3
 Dazzling Flash           Conj/Hex       100%       N/A       0%          3
 Stone Arrow              Conj/Erth      100%       3d13      0%          3
 Hailstorm                Conj/Ice       97%        3d19      0%          4
 Iskenderun's Battlesphe  Conj           100%       2d15      0%          5
 Lee's Rapid Deconstruct  Erth           53%        3d26*     0%          5
 Animate Skeleton         Necr           100%       N/A       1%          1
 Apportation              Tloc           64%        N/A       1%          1
 Beastly Appendage        Tmut           94%        N/A       1%          1
 Pain                     Necr           100%       1d9       1%          1
 Summon Small Mammal      Summ           100%       N/A       1%          1
 Call Imp                 Summ           74%        N/A       1%          2
 Corpse Rot               Necr/Air       100%       N/A       1%          2
 Ensorcelled Hibernation  Hex/Ice        100%       N/A       1%          2
 Poisonous Vapours        Pois/Air       100%       N/A       1%          2
 Wereblood                Tmut           47%        N/A       1%          2
 Call Canine Familiar     Summ           74%        N/A       1%          3
 Frozen Ramparts          Ice            100%       1d12      1%          3
 Ignite Poison            Fire/Tmut/Pois 45%        N/A       1%          3
 Inner Flame              Hex/Fire       56%        N/A       1%          3
 Mephitic Cloud           Conj/Pois/Air  77%        N/A       1%          3
 Portal Projectile        Hex/Tloc       92%        N/A       1%          3
 Summon Guardian Golem    Hex/Summ       66%        N/A       1%          3
 Tukima's Dance           Hex            57%        N/A       1%          3
 Airstrike                Air            36%        N/A       1%          4
 Anguish                  Hex/Necr       33%        N/A       1%          4
 Animate Armour           Summ/Erth      100%       N/A       1%          4
 Animate Dead             Necr           37%        N/A       1%          4
 Dispel Undead            Necr           75%        3d25      1%          4
 Fulminant Prism          Conj/Hex       43%        3d20      1%          4
 Ice Form                 Ice/Tmut       69%        N/A       1%          4
 Iskenderun's Mystic Bla  Conj/Tloc      80%        2d16      1%          4
 Leda's Liquefaction      Hex/Erth       43%        N/A       1%          4
 Petrify                  Tmut/Erth      83%        N/A       1%          4
 Summon Lightning Spire   Summ/Air       73%        N/A       1%          4
 Agony                    Necr           75%        N/A       1%          5
 Excruciating Wounds      Necr           37%        N/A       1%          5
 Fireball                 Conj/Fire      43%        3d17      1%          5
 Spider Form              Tmut/Pois      39%        N/A       2%          3
 Silence                  Hex/Air        32%        N/A       2%          5
 Yara's Violent Unravell  Hex/Tmut       26%        3d11      2%          5
 Lesser Beckoning         Tloc           32%        N/A       3%          3
 Blade Hands              Tmut           23%        N/A       14%         5
 Manifold Assault         Tloc           32%        N/A       34%         5
 Conjure Ball Lightning   Conj/Air       46%        3x3d16    1%          6
 Simulacrum               Ice/Necr       40%        N/A       2%          6
 Death Channel            Necr           37%        N/A       4%          6
 Shatter                  Erth           53%        3d40*     7%          9
 Haunt                    Necr/Summ      37%        N/A       28%         7
 Monstrous Menagerie      Summ           37%        N/A       30%         7
 Summon Hydra             Summ           37%        N/A       30%         7
 Maxwell's Capacitive Co  Air            36%        ∞         54%         8
 Storm Form               Tmut/Air       30%        N/A       77%         7
 Fire Storm               Conj/Fire      43%        8d11      85%         9
 Polar Vortex             Ice            42%        N/A       87%         9
 Enfeeble                 Hex            28%        N/A       88%         7
 Malign Gateway           Summ/Tloc      28%        N/A       88%         7
 Dispersal                Tloc           16%        N/A       89%         6
 Borgnjor's Revivificati  Necr           37%        N/A       90%         8
 Summon Horrible Things   Summ           37%        N/A       93%         8
 Discord                  Hex            28%        N/A       100%        8
 Disjunction              Tloc           16%        N/A       100%        8
 Necromutation            Tmut/Necr      31%        N/A       100%        8
 Death's Door             Necr           37%        N/A       100%        9
 Sublimation of Blood     Necr           Unusable   N/A       N/A         2
 Statue Form              Tmut/Erth      Unusable   N/A       N/A         6

Dungeon Overview and Level Annotations

Branches:
Dungeon (15/15)            Temple (1/1) D:7            Lair (6/6) D:11
  Swamp (4/4) Lair:4       Spider (4/4) Lair:3        Slime (0/5) Lair:6
    Orc (2/2) D:9             Elf (2/3) Orc:2        Vaults (5/5) D:13
  Crypt (0/3) Vaults:3     Depths (4/4) D:15           Hell (visited)
    Dis (0/7) Hell            Geh (0/7) Hell            Coc (0/7) Hell
    Tar (0/7) Hell            Zot (5/5) Depths:4    Ossuary (visited)
  IceCv (visited)         Gauntlet (visited)

Altars:
Ashenzari
Cheibriados
Dithmenos
Elyvilon
Fedhas
Gozag
Hepliaklqana
Kikubaaqudgha
Makhleb
Nemelex Xobeh
Okawaru
Qazlal
Ru
Sif Muna
Trog
Uskayaw
Vehumet
Wu Jian
Xom
Yredelemnul
Zin
The Shining One
Beogh
Jiyva

Shops:
D:9 *=[(   D:11 ?=[*   D:14 !   Orc:2 [([(   Elf:2 (   Vaults:4 *   Depths:1 :
Depths:4 *

Portals:
Hell: Depths:1 Depths:2 Depths:3 Depths:4
Abyss: Depths:3
Pandemonium: Depths:2 Depths:3 Depths:4
Ziggurat: Depths:2
Trove: D:15 (give 8 scrolls of fear)


Innate Abilities, Weirdness & Mutations

You are immune to sickness and miasma.
Your stone body is resilient. (AC +20)
You are immune to poison.
Your large and strong wings let you fly.
You resist negative energy. (rN+)
You are resistant to electric shocks. (rElec)
You are resistant to unholy torment.
You are immune to petrification.
You are very frail. (-20% HP)
Your magical capacity is low. (-10% MP)
You occasionally shout uncontrollably at your foes.
You do not regenerate when monsters are visible.
You sometimes lose the ability to read scrolls when taking damage.


Message History

Confirm with . or Enter, or press ? or * to list all spells.
Aiming: Lehudib's Crystal Spear (dangerous; 1% risk of failure)
Press: ? - help, Shift-Dir - straight line, f/p - orb of fire
Aim: an orb of fire (heavily damaged, ally target, 61% to hit)
The crystal spear misses the orb of fire.
You radiate an aura of cold.
The orb of fire is unaffected.
Your spellforged servitor is unaffected.
You can read scrolls again.
The orb of fire glows red.
The fireball explodes!
The fireball engulfs you!! You resist.
You feel threatened and lose the ability to read scrolls!
* * * LOW HITPOINT WARNING * * *
The fireball engulfs the orb of fire.
The orb of fire completely resists.
Unknown command.
Casting: Lehudib's Crystal Spear (dangerous; 1% risk of failure)
Confirm with . or Enter, or press ? or * to list all spells.
Okay, then.
You feel much better.
Your spellforged servitor is engulfed in freezing vapours.
The orb of fire glows bright magenta.
The fireball explodes!
The fireball engulfs you! You resist.
* * * LOW HITPOINT WARNING * * *
The fireball engulfs the orb of fire.
The orb of fire completely resists.
Unknown command.
Your spellforged servitor is engulfed in freezing vapours.
Your spellforged servitor casts a spell at the orb of fire.
The crystal spear hits the orb of fire!!!
Aiming: Iceblast
Press: ? - help, Shift-Dir - straight line, p - orb of fire The mass of ice explodes!
The iceblast engulfs the orb of fire!!
The orb of fire partially resists.
The orb of fire is almost destroyed.
The orb of fire glows bright magenta.
Strange energies course through your body.
You feel frail.
Your spellforged servitor is engulfed in freezing vapours.
You feel better.
The orb of fire glows deep purple.
The bolt of fire hits you!!! You resist.
You die...

.^..........*..##
................##
.)..^............##
..................#
.........§§.......#
....!....§§.......#
.........§☼9......#
............*.....#
......).........@.#
.^..))...........##
................##
#..............##
################▓▓▓▓▓▓▓▓▓
...≈# *≈.# #.......#
...≈#####≈.# #.......#
...≈≈≈≈≈≈≈.# #.......#
...≈≈≈≈≈≈≈.# #.......#


You could see an orb of fire (ally target) and a friendly spellforged servitor
(summoned).

Vanquished Creatures
  2 dread liches (Zot:5)
  2 ancient liches (Zot:5)
  9 orbs of fire
  A Killer Klown (Zot:5)
  Saint Roka (Depths:4)
  Geryon (Hell)
  Jory (Depths:3)
  7 golden dragons
  2 doom hounds (Depths:3)
  An electric golem (Zot:2)
  18 tentacled monstrosities
  A titan (Vaults:5)
  A walking frostbound tome (Depths:4)
  12 Orb Guardians (Zot:5)
  5 quicksilver dragons
  8 sphinxes
  2 ancient champions (Hell)
  9 death cobs
  2 thorn hunters (Swamp:3)
  Gastronok (Lair:1)
  Frances (D:14)
  12 shadow dragons
  2 revenants (Depths:3)
  12 storm dragons
  4 azure jellies
  4 tengu reavers (Vaults:5)
  A daeva (Depths:2)
  A fenstrider witch (Swamp:2)
  2 draconian monks
  A rockslime (IceCv)
  6 fire giants
  3 frost giants
  4 draconian knights
  18 vault wardens
  4 emperor scorpions
  2 deep elf sorcerers
  2 iron dragons
  2 draconian scorchers (Zot:2)
  An orc warlord (D:15)
  A balrug (Depths:3)
  A spectral juggernaut (Depths:3)
  A ghost moth (Spider:4)
  4 draconian shifters
  4 ghouls (Swamp:1)
  A spectral caustic shrike (Depths:3)
  4 war gargoyles
  A draconian stormcaller (Zot:2)
  2 cacodemons
  6 draconian annihilators
  6 reapers
  A caustic shrike skeleton (Depths:3)
  4 quicksilver oozes (IceCv)
  13 very ugly things
  2 broodmothers
  16 ironbound preservers
  4 vampire knights
  A putrid mouth (Depths:3)
  5 green draconians
  15 stone giants
  A deep elf demonologist (Vaults:5)
  8 ironbound thunderhulks
  3 deep elf annihilators
  A minotaur (Gauntlet)
  Azrael (D:13)
  7 red draconians
  10 black draconians
  7 white draconians
  4 eleionomae
  5 entropy weavers
  6 dire elephants
  4 yellow draconians
  3 lorocyprocas
  5 purple draconians
  4 bunyips
  15 spark wasps
  8 ettins
  An iron golem (Depths:2)
  5 blizzard demons
  5 deep elf death magi
  Josephine (Lair:4)
  3 eidola
  A spectral golden dragon (Depths:3)
  3 great orbs of eyes
  3 crystal guardians
  A shambling mangrove (Swamp:4)
  Fannar (Lair:2)
  A deep elf high priest (Vaults:5)
  7 ice dragons
  16 yaktaur captains
  A spectral spriggan (Depths:3)
  3 fire dragons
  3 juggernaut simulacra (Depths:3)
  3 peacekeepers
  36 vault guards
  3 ghost crabs (Swamp:1)
  4 rakshasas (Depths:1)
  A caustic shrike simulacrum (Depths:3)
  32 hydras
  14 centaur warriors
  8 boulder beetles
  Erica (D:11)
  A boulder beetle (shapeshifter) (Vaults:4)
  A radroach (Spider:3)
  4 hell beasts (Depths:3)
  An ice dragon (shapeshifter) (D:13)
  7 ogre magi
  5 jorogumos
  3 catoblepae
  7 ironbound frosthearts
  2 deep troll shamans (Depths:4)
  5 alligators
  A spectral sphinx (Depths:3)
  A hell hog (Gauntlet)
  3 death scarabs (Spider:4)
  4 tengu warriors
  16 two-headed ogres
  14 dancing weapons
  19 death yaks
  3 vampire magi
  A deep troll earth mage (D:15)
  6 orc high priests
  7 soul eaters
  Urug (Lair:3)
  2 sun demons
  A spriggan berserker (Depths:1)
  2 shock serpents (Vaults:4)
  5 hell knights (Depths:1)
  4 shadow wraiths (Depths:3)
  7 goliath frogs
  A sun moth (Spider:2)
  3 crystal echidnas (Hell)
  12 deep elf knights
  An iron troll (Depths:1)
  2 sixfirhies (Depths:2)
  13 pharaoh ants
  A fire crab (Vaults:4)
  8 skeletal warriors
  2 spriggan druids
  13 orb spiders
  2 bog bodies (Swamp:1)
  5 steelbarb worms
  A flayed ghost (Depths:3)
  14 deep elf archers
  A shadow dragon zombie (Depths:3)
  A spectral jorogumo (Spider:4)
  An obsidian statue (D:13)
  A swamp dragon (shapeshifter) (Depths:4)
  A glowing orange brain (Depths:3)
  42 deep trolls
  A golden dragon skeleton (D:15)
  10 swamp dragons
  11 ironbound convokers
  6 lindwurms
  A tengu zombie (Depths:3)
  A wolf spider zombie (Spider:4)
  A lindwurm (shapeshifter) (Elf:2)
  4 orange crystal statues
  11 phantasmal warriors
  8 orc knights
  7 wizards
  A harpy (shapeshifter) (D:13)
  23 wolf spiders
  9 harpies
  21 deep elf pyromancers
  36 ugly things
  5 necromancers
  4 cyclopes
  20 deep elf zephyrmancers
  An oklob plant (Lair:6)
  2 will-o-the-wisps
  An iron dragon zombie (Depths:3)
  5 orc sorcerers
  A fire giant zombie (D:15)
  5 manticores
  6 elephants
  A stone giant zombie (D:15)
  28 moths of wrath
  A titan simulacrum (Depths:3)
  3 ice statues
  3 naga magi (Vaults:4)
  8 smoke demons
  7 black mambas
  14 vault sentinels
  4 gargoyles
  5 molten gargoyles (Hell)
  3 rust devils
  7 torpor snails
  2 unseen horrors
  7 cane toads
  An unseen horror (shapeshifter) (Elf:1)
  2 orange demons
  A rime drake (shapeshifter) (D:15)
  49 yaktaurs
  5 tengu conjurers
  4 tormentors
  7 demonic crawlers
  An efreet (D:13)
  10 komodo dragons
  2 ice devils
  2 hellwings
  7 rime drakes
  A redback zombie (Spider:4)
  5 very ugly thing simulacra (IceCv)
  An anaconda simulacrum (Vaults:4)
  A golden dragon simulacrum (Depths:3)
  8 freezing wraiths
  3 bloated husks
  5 entropy weaver simulacra (IceCv)
  A hydra zombie (Hell)
  5 trolls
  4 red devils
  10 hornets
  17 meliai
  7 tyrant leeches
  2 polar bears (Lair:3)
  Prince Ribbit (Lair:3)
  A tengu simulacrum (Depths:3)
  2 spectral jumping spiders (Spider:4)
  A blink frog (shapeshifter) (D:14)
  5 spectral tarantellas (Spider:4)
  An ettin zombie (D:15)
  3 hydra skeletons (Hell)
  2 raiju
  A jumping spider zombie (Spider:4)
  A frost giant simulacrum (Depths:3)
  A dream sheep (shapeshifter) (Vaults:5)
  17 blink frogs
  An alligator zombie (Hell)
  45 slime creatures
  7 dream sheep
  46 jumping spiders
  21 tarantellas
  The ghost of joshe the Cudgeller, an amateur GrFi of Gozag (D:7)
  A centaur simulacrum (Gauntlet)
  4 flying skulls (Depths:3)
  9 spriggans
  23 culicivoras
  4 air elementals
  9 wraiths
  5 water elementals
  7 fire elementals
  57 yaks
  13 basilisks
  6 wyverns
  3 fire bats (Gauntlet)
  2 golden eyes (Vaults:4)
  A chaos spawn (Depths:2)
  5 neqoxecs
  3 steam dragons
  48 redbacks
  9 vampire mosquitoes
  14 swamp worms
  A harpy simulacrum (Vaults:4)
  4 acid dragons
  3 demonic crawler simulacra (IceCv)
  3 wargs
  16 water moccasins
  A hydra simulacrum (Hell)
  10 hell hounds
  A meliai simulacrum (Gauntlet)
  8 swamp drakes
  A hornet zombie (D:6)
  4 sky beasts
  An alligator simulacrum (Hell)
  3 ice beasts
  24 orc warriors
  An ugly thing simulacrum (IceCv)
  A fire dragon simulacrum (Vaults:4)
  2 black bears
  A black mamba simulacrum (Vaults:4)
  A necrophage (D:5)
  8 ogres
  3 boggarts (Vaults:1)
  9 wolves
  14 centaurs
  3 phantoms
  2 kobold brigands
  An elf zombie (Ossuary)
  18 bullfrogs
  5 earth elementals
  2 scorpions (D:11)
  A water moccasin skeleton (D:5)
  An elephant simulacrum (Vaults:4)
  8 killer bees
  3 wights (D:8)
  An electric eel (Lair:2)
  2 howler monkeys
  A nameless horror (IceCv)
  5 lava snakes
  3 centaur zombies
  A hound (D:4)
  2 bullfrog zombies (D:5)
  2 centaur skeletons
  A wyvern simulacrum (Gauntlet)
  5 jellies
  2 gnoll shamans
  13 orc priests
  Crazy Yiuf (D:3)
  2 bullfrog skeletons
  6 iguanas
  Jessica (D:3)
  25 orc wizards
  4 lightning spires (Vaults:4)
  Terence (D:3)
  4 yak simulacra (Lair:5)
  A troll simulacrum (Vaults:4)
  4 wolf simulacra (Lair:5)
  2 hound zombies (D:5)
  A hound skeleton (D:5)
  2 mummies (Ossuary)
  Robin (D:3)
  17 gnolls
  2 howler monkey zombies
  2 naga simulacra (Vaults:4)
  11 river rats (D:4)
  3 adders
  A shadow imp (D:6)
  4 ufetubi
  An adder zombie (Ossuary)
  A worm (D:4)
  The ghost of Snicker the Sneak, a weakling DsDe of Ru (D:6)
  5 dart slugs
  86 orcs
  7 bats
  6 endoplasms
  4 giant cockroaches
  14 hobgoblins
  6 jackals
  11 kobolds
  3 training dummies (Elf:2)
  7 ball pythons
  6 frilled lizards
  16 goblins
  10 hobgoblin zombies (Ossuary)
  A jackal zombie (Ossuary)
  9 kobold zombies (Ossuary)
  10 orc zombies (Ossuary)
  15 rats
  4 rat zombies (Ossuary)
  3 river rat simulacra (Lair:5)
2125 creatures vanquished.

Vanquished Creatures (collateral kills)
  A Killer Klown (Zot:5)
  A curse toe (Zot:4)
  3 golden dragons
  An electric golem (Zot:5)
  3 tentacled monstrosities
  A lich (Depths:1)
  6 Orb Guardians (Zot:5)
  3 quicksilver dragons
  5 death cobs
  2 storm dragons
  2 daevas (Depths:2)
  3 shadow dragons
  A draconian monk (Zot:3)
  An azure jelly (IceCv)
  A frost giant (Vaults:1)
  2 fire giants (Vaults:5)
  2 draconian scorchers
  A vault warden (Vaults:1)
  A draconian knight (Zot:2)
  A balrug (Depths:2)
  An orc warlord (Vaults:1)
  2 emperor scorpions (Spider:4)
  A draconian stormcaller (Zot:3)
  2 draconian shifters
  2 ironbound preservers (Vaults:2)
  2 very ugly things
  An ironbound thunderhulk (Vaults:3)
  A war gargoyle (Vaults:3)
  A reaper (Hell)
  A stone giant (Depths:1)
  4 green draconians
  2 purple draconians
  A white draconian (Zot:5)
  3 entropy weavers
  7 dire elephants
  3 black draconians
  3 spark wasps (Depths:3)
  6 red draconians
  2 iron golems (Depths:2)
  2 ettins (Depths:1)
  A great orb of eyes (Vaults:3)
  2 vault guards (Vaults:1)
  2 ironbound frosthearts (Vaults:1)
  3 centaur warriors (Vaults:1)
  A tengu warrior (Depths:1)
  11 dancing weapons
  A deep troll shaman (Depths:1)
  5 death scarabs (Spider:4)
  2 deep elf knights (Elf:2)
  A spriggan (Depths:1)
  4 hell knights (Depths:1)
  11 slime creatures
  A sixfirhy (Depths:2)
  A pharaoh ant (Spider:4)
  An iron troll (Depths:2)
  8 deep trolls
  A steelbarb worm (Spider:4)
  2 ironbound convokers (Vaults:1)
  A spectral wolf spider (Spider:4)
  3 deep elf pyromancers
  A necromancer (Depths:1)
  2 orc knights (Vaults:1)
  A lindwurm (Vaults:4)
  7 deep elf zephyrmancers
  A wolf spider (Spider:4)
  4 ugly things
  3 moths of wrath
  3 vault sentinels (Vaults:1)
  A naga mage (Vaults:4)
  2 molten gargoyles (Vaults:4)
  3 entropy weaver simulacra (IceCv)
  A rime drake (shapeshifter) (D:13)
  3 yaktaurs
  A redback zombie (Spider:4)
  A tarantella (Spider:4)
  A hornet (Depths:1)
  A spectral culicivora (Spider:4)
  A spectral jumping spider (Spider:4)
  A jumping spider (Spider:4)
  A culicivora (Spider:4)
  A redback (shapeshifter) (Depths:1)
  3 redbacks
  An ugly thing simulacrum (IceCv)
  A nameless horror (Zot:5)
195 creatures vanquished.

Vanquished Creatures (others)
  Nikola (Spider:1)
  A very ugly thing (Depths:1)
  A spark wasp (Spider:1)
  A deep elf knight (Elf:1)
  A hell knight (Depths:1)
  2 steelbarb worms
  An orb spider (Spider:1)
  A manticore (D:13)
  An ugly thing (Depths:1)
  3 jumping spiders
  A fire elemental (Elf:1)
  A redback (Spider:1)
  A swamp drake (Swamp:3)
  An orc warrior (Orc:2)
  A boggart (Vaults:1)
  2 ball lightnings (Vaults:4)
  2 foxfires (Swamp:3)
  12 fulminant prisms
  63 fungi
  80 plants
  4 toadstools (D:1)
  14 withered plants (D:15)
195 creatures vanquished.

Grand Total: 2515 creatures vanquished

Notes
Turn   | Place    | Note
-------+----------+-------------------------------------------
     0 | D:1      | hikkokomori the Gargoyle Earth Elementalist began the quest
                  | for the Orb.
     0 | D:1      | Reached XP level 1. HP: 10/10 MP: 3/3
   245 | D:1      | Reached skill level 1 in Transmutations
   245 | D:1      | Reached XP level 2. HP: 6/15 MP: 1/5
   700 | D:1      | Found a faded altar of an unknown god.
  1412 | D:1      | Reached XP level 3. HP: 18/19 MP: 6/6
  1909 | D:2      | Reached XP level 4. HP: 6/24 MP: 1/7
  2870 | D:3      | Noticed Jessica
  2872 | D:3      | Killed Jessica
  3005 | D:3      | Reached XP level 5. HP: 27/28 MP: 8/8
  3354 | D:3      | Noticed Terence
  3378 | D:3      | Killed Terence
  3379 | D:3      | Reached XP level 6. HP: 11/32 MP: 5/10
  3908 | D:3      | Noticed Robin
  3941 | D:3      | Killed Robin
  4204 | D:3      | Found a runed translucent door.
  4205 | D:3      | Noticed Crazy Yiuf
  4213 | D:3      | Killed Crazy Yiuf
  4228 | D:3      | Learned a level 2 spell: Passwall
  4346 | D:4      | Identified a scroll of acquirement
  4346 | D:4      | Acquired the +0 pair of boots of Qellew {Rampage MP+9
                  | Str+3}
  4389 | D:4      | Reached skill level 5 in Earth Magic
  4457 | D:4      | Reached XP level 7. HP: 16/36 MP: 12/12
  4519 | D:4      | Found a sand-covered staircase.
  4583 | Ossuary  | Entered an ossuary
  4888 | Ossuary  | Reached skill level 1 in Fighting
  5626 | D:4      | Reached XP level 8. HP: 44/45 MP: 14/14
  6069 | D:5      | Entered Level 5 of the Dungeon
  6334 | D:5      | Reached skill level 5 in Spellcasting
  6730 | D:5      | Learned a level 3 spell: Stone Arrow
  6741 | D:6      | Found a large runed translucent door.
  6741 | D:6      | Found a large runed translucent door.
  6845 | D:6      | Reached skill level 1 in Conjurations
  6850 | D:6      | Reached XP level 9. HP: 48/53 MP: 17/17
  6853 | D:6      | Reached skill level 5 in Fighting
  7680 | D:6      | Noticed Snicker's ghost (weakling DsDe)
  7687 | D:6      | Killed Snicker's ghost
  8347 | D:7      | Found a runed translucent door.
  8347 | D:7      | Noticed joshe's ghost (amateur GrFi)
  8568 | D:7      | Found a staircase to the Ecumenical Temple.
  8591 | Temple   | Entered the Ecumenical Temple
  8692 | Temple   | Became a worshipper of Vehumet
  9102 | D:7      | Killed joshe's ghost
  9103 | D:7      | Reached skill level 1 in Shields
  9369 | D:7      | Reached skill level 5 in Conjurations
  9686 | D:8      | Reached XP level 10. HP: 48/61 MP: 18/18
  9837 | D:8      | Reached skill level 10 in Earth Magic
  9945 | D:8      | Noticed a manticore
  9949 | D:8      | Killed a manticore
 10443 | D:8      | Found a hazy altar of Hepliaklqana.
 10673 | D:9      | Noticed a two-headed ogre
 10689 | D:9      | Killed a two-headed ogre
 10693 | D:9      | Reached skill level 5 in Shields
 11034 | D:9      | Reached * piety under Vehumet
 11034 | D:9      | Offered knowledge of Shock by Vehumet.
 11301 | D:9      | Reached XP level 11. HP: 66/66 MP: 19/19
 11364 | D:9      | Found Senwel's Assorted Antiques.
 11382 | D:9      | Found Oximoeb's Jewellery Emporium.
 11471 | D:9      | Found Beclowog's Antique Weapon Shoppe.
 11566 | D:9      | Reached ** piety under Vehumet
 11566 | D:9      | Offered knowledge of Poisonous Vapours by Vehumet.
 11702 | D:9      | Found a staircase to the Orcish Mines.
 11933 | D:9      | Noticed a deep elf pyromancer
 11937 | D:9      | Killed a deep elf pyromancer
 12064 | D:9      | Found Kososk's Antique Armour Boutique.
 12071 | D:9      | Bought a scorched cloak for 294 gold pieces
 12071 | D:9      | Identified the +0 cloak of Insecurity {+Blink} (You bought
                  | it in a shop on level 9 of the Dungeon)
 12133 | D:10     | Entered Level 10 of the Dungeon
 12549 | D:10     | Reached skill level 1 in Evocations
 12552 | D:10     | Reached skill level 5 in Stealth
 13371 | D:11     | Offered knowledge of Searing Ray by Vehumet.
 13377 | D:11     | Learned a level 4 spell: Petrify
 13445 | D:11     | Noticed Erica
 13451 | D:11     | Killed Erica
 13497 | D:11     | Noticed a five-headed hydra
 13502 | D:11     | Killed a five-headed hydra
 13608 | D:11     | Found Cizel's General Store.
 13609 | D:11     | Found Geggo's Armour Emporium.
 13609 | D:11     | Found Koherhou's Jewellery Emporium.
 13612 | D:11     | Found Kixickek's Magic Scroll Emporium.
 13615 | D:11     | Bought a scroll of identify for 28 gold pieces
 13622 | D:11     | Bought a scroll of identify for 26 gold pieces
 13661 | D:11     | Noticed a cyclops
 13664 | D:11     | Killed a cyclops
 13750 | D:11     | Found a staircase to the Lair.
 14367 | D:12     | Reached *** piety under Vehumet
 14489 | D:12     | Noticed a two-headed ogre
 14493 | D:12     | Killed a two-headed ogre
 14494 | D:12     | Reached XP level 12. HP: 36/71 MP: 15/20
 15024 | D:12     | Offered knowledge of Conjure Flame by Vehumet.
 15029 | D:12     | Learned a level 3 spell: Conjure Flame
 15044 | D:12     | Reached skill level 10 in Conjurations
 15243 | D:12     | Noticed a two-headed ogre
 15248 | D:12     | Killed a two-headed ogre
 15259 | D:12     | Noticed a two-headed ogre
 15265 | D:12     | Killed a two-headed ogre
 15583 | Lair:1   | Entered Level 1 of the Lair of Beasts
 15681 | Lair:1   | Noticed Gastronok
 15693 | Lair:1   | Gained mutation: Potions are less effective at restoring
                  | your health. [potion of mutation]
 15693 | Lair:1   | Lost mutation: Potions are less effective at restoring your
                  | health. [potion of mutation]
 15693 | Lair:1   | Gained mutation: You are agile. (Dex +2) [potion of
                  | mutation]
 16034 | Lair:1   | Reached skill level 1 in Armour
 16034 | Lair:1   | Reached skill level 5 in Evocations
 16505 | Lair:2   | Noticed a six-headed hydra
 16512 | Lair:2   | Killed a six-headed hydra
 16645 | Lair:2   | Reached **** piety under Vehumet
 16784 | Lair:2   | You fall into a shaft and drop 2 floors!
 16825 | Lair:5   | Noticed a four-headed hydra
 16832 | Lair:5   | Killed a four-headed hydra
 17011 | Lair:3   | Noticed Urug
 17015 | Lair:3   | Found the +1 cloak of Starlight {*Dazzle EV+4 Stlth--}
 17222 | Lair:3   | Reached skill level 5 in Armour
 17222 | Lair:3   | Reached skill level 5 in Dodging
 17222 | Lair:3   | Reached XP level 13. HP: 76/76 MP: 21/21
 17240 | Lair:3   | Offered knowledge of Frozen Ramparts by Vehumet.
 17249 | Lair:3   | Learned a level 4 spell: Dispel Undead
 17266 | Lair:3   | Found a hole to the Spider Nest.
 17476 | Lair:3   | Gained mutation: Your large and strong wings let you fly.
                  | [Gargoyle growth]
 17476 | Lair:3   | Reached XP level 14. HP: 55/80 MP: 22/22
 17479 | Lair:3   | Reached skill level 1 in Necromancy
 17572 | Lair:3   | Killed Urug
 17716 | Lair:3   | Noticed Prince Ribbit
 17734 | Lair:3   | Killed Prince Ribbit
 18738 | Lair:2   | Noticed Fannar
 18751 | Lair:2   | Killed Fannar
 19664 | Lair:4   | Noticed Josephine
 19685 | Lair:4   | Killed Josephine
 19694 | Lair:4   | Reached ***** piety under Vehumet
 19942 | Lair:4   | Offered knowledge of Airstrike by Vehumet.
 20602 | Lair:4   | Identified the +0 leather armour "Plog" {rPois rN+ Dex-4}
 20687 | Lair:4   | Found a runed translucent door.
 20730 | Lair:4   | Identified the +4 whip of Koroos {venom, +Blink MP-9 Str+8}
 20824 | Lair:4   | Found a runed translucent gate.
 20824 | Lair:4   | Found a runed translucent gate.
 20824 | Lair:4   | Found a runed translucent gate.
 20824 | Lair:4   | Found a runed translucent gate.
 20843 | Lair:4   | Found a runed translucent gate.
 20850 | Lair:4   | Found a runed translucent gate.
 21453 | Lair:4   | Found a staircase to the Swamp.
 22566 | Lair:5   | Reached XP level 15. HP: 78/88 MP: 11/23
 22657 | Lair:5   | Reached skill level 5 in Necromancy
 23364 | Lair:5   | Identified the +1 plate armour "Idi Tyh" {Rampage}
 23547 | Lair:5   | Reached skill level 15 in Earth Magic
 24005 | Lair:6   | Entered Level 6 of the Lair of Beasts
 24354 | Lair:6   | Learned a level 4 spell: Fulminant Prism
 24397 | Lair:6   | Identified the +3 whip "Rireev" {drain, rPois rF+}
 24574 | Lair:6   | Reached skill level 1 in Fire Magic
 26057 | Lair:6   | Found a viscous altar of Jiyva.
 26057 | Lair:6   | Found a staircase to the Slime Pits.
 27000 | Lair:6   | Reached ****** piety under Vehumet
 27145 | Lair:6   | Identified the +8 hunting sling of Departure {freeze,
                  | Int+6}
 27422 | Orc:1    | Entered Level 1 of the Orcish Mines
 27547 | Orc:2    | Entered Level 2 of the Orcish Mines
 27590 | Orc:2    | Found a staircase to the Elven Halls.
 27979 | Orc:2    | Reached skill level 1 in Hexes
 28453 | Orc:2    | Reached XP level 16. HP: 96/96 MP: 26/26
 28608 | Orc:2    | Found Ducuoggy's Weapon Emporium.
 28608 | Orc:2    | Found Huvvoffi's Armour Emporium.
 28609 | Orc:2    | Found Sulur's Antique Armour Boutique.
 28609 | Orc:2    | Found Jafesies's Weapon Boutique.
 28797 | D:11     | Bought a +1 pair of gloves of infusion for 264 gold pieces
 28943 | D:13     | Found a gate to the Vaults.
 29006 | D:13     | Found a gate leading to a gauntlet.
 29018 | Gauntlet | Entered a Gauntlet
 29018 | Gauntlet | Found a transporter.
 29018 | Gauntlet | Found a transporter.
 29018 | Gauntlet | Found a transporter.
 29154 | Gauntlet | Found a transporter.
 29155 | Gauntlet | Found a transporter.
 29158 | Gauntlet | Found a transporter.
 29176 | Gauntlet | Found a transporter.
 29177 | Gauntlet | Found a transporter.
 29178 | Gauntlet | Found a transporter.
 29179 | Gauntlet | Found a transporter.
 29204 | Gauntlet | Found a transporter.
 29206 | Gauntlet | Found a transporter.
 29332 | Gauntlet | Offered knowledge of Iskenderun's Battlesphere by Vehumet.
 29568 | Gauntlet | Identified the ring "Amoufa" {Int+6 Dex+3 SInv}
 29627 | Gauntlet | Identified the +6 scimitar of the Gnat {freeze, Int+4}
 29810 | Gauntlet | Identified the +6 flail "Gywkug" {speed, rElec rCorr}
 29811 | Gauntlet | Got Sif Muna's Incunabulum of Creative Poisoning
 29980 | D:13     | Noticed Azrael
 30009 | D:13     | Killed Azrael
 30744 | D:14     | Learned a level 5 spell: Iskenderun's Battlesphere
 31168 | D:14     | Found Opeutea's Distillery.
 31176 | D:14     | Bought 2 potions of might for 136 gold pieces
 31315 | D:14     | Noticed Frances
 31989 | D:14     | Reached skill level 10 in Fighting
 32367 | D:15     | Entered Level 15 of the Dungeon
 32579 | D:15     | Offered knowledge of Lightning Bolt by Vehumet.
 32759 | D:15     | Learned a level 5 spell: Lightning Bolt
 33424 | D:15     | Reached skill level 1 in Air Magic
 33581 | D:15     | Found a huge runed gate.
 33581 | D:15     | Found a huge runed gate.
 33581 | D:15     | Found a huge runed gate.
 33581 | D:15     | Found a huge runed gate.
 33581 | D:15     | Found a huge runed gate.
 33582 | D:15     | Found a huge runed gate.
 33582 | D:15     | Found a huge runed gate.
 33582 | D:15     | Found a huge runed gate.
 33583 | D:15     | Found a huge runed gate.
 33585 | D:15     | Found a huge runed gate.
 33589 | D:15     | Found a huge runed gate.
 33589 | D:15     | Found a huge runed gate.
 33589 | D:15     | Found a huge runed gate.
 33589 | D:15     | Found a huge runed gate.
 33589 | D:15     | Found a huge runed gate.
 33589 | D:15     | Found a huge runed gate.
 33590 | D:15     | Found a huge runed gate.
 33598 | D:15     | Found a huge runed gate.
 33598 | D:15     | Found a huge runed gate.
 33619 | D:15     | Found a portal to a secret trove of treasure.
 33636 | D:15     | Found a huge runed gate.
 33636 | D:15     | Found a huge runed gate.
 33636 | D:15     | Found a huge runed gate.
 33637 | D:15     | Found a huge runed gate.
 33638 | D:15     | Found a huge runed gate.
 33642 | D:15     | Found a huge runed gate.
 33643 | D:15     | Found a huge runed gate.
 33644 | D:15     | Found a huge runed gate.
 33646 | D:15     | Found a huge runed gate.
 33654 | D:15     | Found a huge runed gate.
 33654 | D:15     | Found a huge runed gate.
 33654 | D:15     | Found a huge runed gate.
 33654 | D:15     | Found a huge runed gate.
 33654 | D:15     | Found a huge runed gate.
 33654 | D:15     | Found a huge runed gate.
 33656 | D:15     | Found a huge runed gate.
 33657 | D:15     | Found a huge runed gate.
 33686 | D:15     | Reached XP level 17. HP: 103/103 MP: 26/29
 33875 | D:15     | Found a staircase to the Depths.
 35286 | Lair:1   | Killed Gastronok
 35733 | Swamp:1  | Entered Level 1 of the Swamp
 38377 | Swamp:2  | Reached skill level 10 in Dodging
 38377 | Swamp:2  | Offered knowledge of Orb of Destruction by Vehumet.
 39704 | Swamp:3  | Learned a level 7 spell: Orb of Destruction
 40012 | Swamp:4  | Entered Level 4 of the Swamp
 40420 | Swamp:3  | Learned a level 3 spell: Swiftness
 40427 | Swamp:4  | Reached skill level 5 in Air Magic
 40558 | Swamp:4  | Reached XP level 18. HP: 111/111 MP: 18/31
 40565 | Swamp:4  | Reached skill level 10 in Spellcasting
 42111 | Swamp:4  | Got a decaying rune of Zot
 42509 | D:14     | Killed Frances
 43807 | Spider:1 | Entered Level 1 of the Spider Nest
 43811 | Spider:1 | Noticed Nikola
 44188 | Spider:1 | Offered knowledge of Eringya's Noxious Bog by Vehumet.
 44306 | Lair:3   | Learned a level 5 spell: Freezing Cloud
 44316 | Spider:1 | Killed Nikola
 44656 | Lair:3   | Reached skill level 1 in Ice Magic
 46447 | Spider:1 | Identified the +2 helmet of Time Monsters {+Inv Str+8 SInv}
 47431 | Spider:2 | Offered knowledge of Spellforged Servitor by Vehumet.
 47704 | Spider:2 | Learned a level 7 spell: Spellforged Servitor
 47955 | Spider:2 | Reached skill level 1 in Summonings
 48135 | Spider:2 | Reached XP level 19. HP: 116/116 MP: 33/33
 49845 | Spider:3 | Reached skill level 15 in Conjurations
 50479 | Spider:3 | Identified the +10 trident of the Pits of Slime {vamp, rC-
                  | rN+ Will+}
 50980 | Spider:4 | Entered Level 4 of the Spider Nest
 51371 | Spider:4 | Reached skill level 5 in Summonings
 53375 | Spider:3 | Offered knowledge of Maxwell's Capacitive Coupling by
                  | Vehumet.
 55316 | Spider:4 | Got a gossamer rune of Zot
 55611 | Elf:1    | Entered Level 1 of the Elven Halls
 55760 | Elf:1    | Offered knowledge of Lehudib's Crystal Spear by Vehumet.
 55760 | Elf:1    | Offered knowledge of Chain Lightning by Vehumet.
 55760 | Elf:1    | Offered knowledge of Ignition by Vehumet.
 55761 | Elf:1    | Reached XP level 20. HP: 121/121 MP: 34/34
 55830 | Elf:1    | Found a frozen archway.
 55852 | IceCv    | Entered an ice cave
 57250 | IceCv    | Found the +4 skin of Zhor {*Englaciate rC+++ SInv}
 57823 | IceCv    | Found a viscous altar of Jiyva.
 57852 | IceCv    | Identified the ring of Finality {rN+ Will+ Str-5 Int+6}
 58373 | Elf:1    | Paralysed by an air elemental for 1 turns
 58749 | Elf:1    | Paralysed by an air elemental for 1 turns
 58965 | Elf:1    | Identified the ring of Equivalence {rF+ MP+9 Slay+2}
 59510 | Elf:2    | Found Quato's Firing Range.
 59851 | Elf:2    | Identified the +5 mace of Zuwofioqae {venom, Fly rCorr
                  | Stlth+}
 60195 | Elf:2    | Found a runed translucent gate.
 60196 | Elf:2    | Found a runed translucent gate.
 60196 | Elf:2    | Found a runed translucent gate.
 61081 | Vaults:1 | Entered Level 1 of the Vaults
 61100 | Vaults:1 | Reached XP level 21. HP: 75/131 MP: 36/36
 61495 | Vaults:1 | Learned a level 8 spell: Lehudib's Crystal Spear
 61532 | Vaults:1 | Identified the +5 dagger of Moral Flaws {elec, *Noise rElec
                  | Int+7 SInv}
 61874 | Vaults:1 | Reached skill level 5 in Ice Magic
 63774 | Vaults:2 | Identified the +4 great mace of Kismet {flame, Dex+2}
 63820 | Vaults:2 | Reached skill level 15 in Fighting
 65540 | Vaults:3 | Reached XP level 22. HP: 98/140 MP: 38/38
 67602 | Vaults:3 | Reached skill level 10 in Stealth
 67682 | Vaults:3 | Found a staircase to the Crypt.
 67682 | Vaults:3 | Found an ancient bone altar of Kikubaaqudgha.
 67683 | Vaults:3 | Found a basalt altar of Yredelemnul.
 69102 | Vaults:4 | Got the Guide on Execration
 69478 | Vaults:4 | Paralysed by an air elemental for 1 turns
 69483 | Vaults:4 | Paralysed by an air elemental for 1 turns
 69493 | Vaults:4 | Got Sif Muna's Volume of the Birds
 69733 | Vaults:4 | Found Buetemam's Assorted Antiques.
 69740 | Vaults:4 | Bought a potion of brilliance for 132 gold pieces
 69740 | Vaults:4 | Bought a potion of might for 132 gold pieces
 69801 | Vaults:4 | Got the Reference Book on Ignition
 70403 | Vaults:4 | Got Kusesk Lutev's Incunabulum of Cold
 70531 | Vaults:4 | Reached XP level 23. HP: 144/144 MP: 40/40
 70637 | Vaults:4 | Got the Papyrus of Earth
 71161 | Depths:1 | Entered Level 1 of the Depths
 71825 | Depths:1 | Found a shimmering altar of Xom.
 72153 | Depths:1 | Found a gateway to Hell.
 72570 | Depths:1 | Acquired 818 gold pieces
 72592 | Depths:1 | Found Ejuuhes's Book Shop.
 72600 | Depths:1 | Bought a Necronomicon for 1120 gold pieces
 72605 | Depths:1 | Learned a level 3 spell: Ozocubu's Armour
 72944 | Depths:1 | Identified the +1 pair of boots of Biteki {rF+ rN+ Dex+3}
 73092 | Depths:1 | Found an ornate altar of the Wu Jian Council.
 73208 | Depths:2 | Found a one-way gate leading to the halls of Pandemonium.
 73389 | Depths:2 | Found a one-way gateway to a ziggurat.
 73842 | Hell     | Entered the Vestibule of Hell
 73842 | Hell     | Noticed Geryon
 74360 | Hell     | Killed Geryon
 75051 | Depths:2 | Learned a level 7 spell: Ozocubu's Refrigeration
 76123 | Hell     | Reached skill level 15 in Spellcasting
 76419 | Hell     | Found a gateway to the ashen valley of Gehenna.
 77158 | Hell     | Found a gateway to the freezing wastes of Cocytus.
 77190 | Hell     | Found a gateway to the Iron City of Dis.
 77344 | Hell     | Found a gateway to the decaying netherworld of Tartarus.
 77928 | Depths:3 | Reached XP level 24. HP: 138/150 MP: 19/42
 77944 | Depths:3 | Reached skill level 10 in Ice Magic
 78963 | Depths:3 | Found a one-way gate to the infinite horrors of the Abyss.
 79825 | Depths:3 | Noticed Jory
 79859 | Depths:3 | Killed Jory
 80163 | Depths:3 | Found a basalt altar of Yredelemnul.
 81032 | Depths:4 | Entered Level 4 of the Depths
 81114 | Depths:4 | Found an iron altar of Okawaru.
 81230 | Depths:4 | Found Varexoso's Assorted Antiques.
 81409 | Depths:4 | Bought a crude glass ring for 185 gold pieces
 81409 | Depths:4 | Identified the ring of Koalooc {Fly Str-2 Dex+3 Slay+3}
                  | (You bought it in a shop on level 4 of the Depths)
 81409 | Depths:4 | Bought a wand of acid (6) for 296 gold pieces
 81409 | Depths:4 | Bought a scroll of enchant weapon for 277 gold pieces
 81711 | Depths:4 | Found a gate to the Realm of Zot.
 81721 | Depths:4 | Reached skill level 5 in Axes
 82163 | Depths:4 | Noticed Saint Roka
 82181 | Depths:4 | Killed Saint Roka
 83011 | Depths:4 | Learned a level 5 spell: Borgnjor's Vile Clutch
 83276 | Vaults:5 | Entered Level 5 of the Vaults
 83378 | Vaults:5 | Got the Grimoire of Calling
 83380 | Vaults:5 | Identified the +0 pair of boots "Beaseh Larch" {Will+ Int+4
                  | Stlth+}
 83503 | Vaults:5 | Identified the +4 ring mail of Qune Zaepp {Harm Slay+2}
 83634 | Vaults:5 | Reached XP level 25. HP: 148/157 MP: 43/43
 84194 | Vaults:5 | Identified the ring "Zytistr Bara" {rElec rN+ SInv Stlth-}
 84300 | Vaults:5 | Identified the +9 bardiche of Action {drain, rElec rCorr
                  | Int-3}
 84321 | Vaults:5 | Identified the +6 battleaxe "Dufeur" {flame, rPois rCorr
                  | Int+3}
 84397 | Vaults:5 | Identified the +3 battleaxe of Jaohun {freeze, rPois rCorr}
 84397 | Vaults:5 | Identified the amulet of the Scarab {Reflect Fragile rN++
                  | Str+5 SH+5}
 84700 | Vaults:5 | Got a silver rune of Zot
 84713 | Vaults:5 | Identified the +6 shortbow "Norel" {freeze, rPois rC+
                  | Int-5}
 84722 | Vaults:5 | Identified the +1 scale mail of Absence {rC+ Slay+4}
 84726 | Vaults:5 | Identified the +6 spear of Premature Burial {spect, *Rage
                  | rN++ Dex+6}
 85354 | Vaults:5 | Identified the -5 hat "Zaumohau" {-Tele Int+4 Dex-3 SInv}
 85605 | Vaults:5 | Reached skill level 10 in Shields
 85621 | Vaults:5 | Identified the +3 buckler of the Stag {rF+ rC+ Str+4}
 85887 | Vaults:5 | Got the Reference Book on Stolen Souls
 86642 | Zot:1    | Entered Level 1 of the Realm of Zot
 86683 | Zot:1    | Learned a level 5 spell: Summon Mana Viper
 86821 | Zot:1    | Identified the +8 flail of Taoloz {speed, *Rage rPois rC+
                  | Int+3}
 87680 | Zot:1    | Learned a level 2 spell: Blink
 88588 | Zot:2    | Reached XP level 26. HP: 126/163 MP: 3/44
 88852 | Zot:2    | Got the Handbook of Creation
 88974 | Zot:2    | Identified the +7 broad axe "Gargoyle's Peril" {holy, rCorr
                  | Dex+3}
 90775 | Zot:3    | Reached skill level 10 in Evocations
 92538 | Zot:4    | Noticed an orb of fire
 92546 | Zot:4    | Gained mutation: You do not regenerate when monsters are
                  | visible. [an orb of fire]
 92550 | Zot:4    | Killed an orb of fire
 93854 | Zot:4    | Identified the ring of the Wizarding Genius {Will+ rCorr
                  | EV+4}
 94278 | Zot:5    | Entered Level 5 of the Realm of Zot
 95034 | Zot:5    | Noticed an orb of fire
 95050 | Zot:5    | Killed an orb of fire
 95051 | Zot:5    | Reached XP level 27. HP: 168/168 MP: 33/45
 95051 | Zot:5    | Noticed a dread lich
 95054 | Zot:5    | Noticed an orb of fire
 95278 | Zot:5    | Killed an orb of fire
 95336 | Zot:5    | Noticed an ancient lich
 95338 | Zot:5    | Noticed an orb of fire
 95338 | Zot:5    | Noticed an orb of fire
 95338 | Zot:5    | Noticed an orb of fire
 95338 | Zot:5    | Noticed an orb of fire
 95340 | Zot:5    | Noticed a dread lich
 95342 | Zot:5    | Noticed an ancient lich
 95683 | Zot:5    | Noticed an orb of fire
 95686 | Zot:5    | Noticed an orb of fire
 95688 | Zot:5    | Gained mutation: You sometimes lose the ability to read
                  | scrolls when taking damage. [an orb of fire]
 95691 | Zot:5    | Killed an orb of fire
 95701 | Zot:5    | Noticed an orb of fire
 95709 | Zot:5    | Lost mutation: You are agile. (Dex +2) [an orb of fire]
 95713 | Zot:5    | Killed an orb of fire
 95969 | Zot:5    | Noticed an orb of fire
 96176 | Zot:5    | Killed an orb of fire
 96422 | Zot:5    | Killed an orb of fire
 96519 | Zot:5    | Killed a dread lich
 96614 | Zot:5    | Killed an ancient lich
 96619 | Zot:5    | Killed an orb of fire
 96899 | Zot:5    | Gained mutation: You occasionally shout uncontrollably at
                  | your foes. [an orb of fire]
 96902 | Zot:5    | Gained mutation: Your magical capacity is low. (-10% MP)
                  | [an orb of fire]
 96920 | Zot:5    | Gained mutation: You are frail. (-10% HP) [an orb of fire]
 97268 | Zot:5    | Killed a dread lich
 97270 | Zot:5    | Killed an orb of fire
 97462 | Zot:5    | Killed an ancient lich
 97591 | Zot:5    | Gained mutation: You are very frail. (-20% HP) [an orb of
                  | fire]
 97592 | Zot:5    | Killed from afar by an orb of fire

Illustrated notes

Levels and vault maps discovered:
D:1:      ldierk_walled_garden_2, layout_loops_corners,
          hellmonk_ecumenical_altar_zigzags, feat_on_display
D:2:      layout_loops_ring
D:3:      kennysheep_goblin_castle, layout_loops_ring, uniq_crazy_yiuf_cottage,
          uniq_jessica, uniq_terence
D:4:      layout_cave_pods, enter_ossuary_5, dk_rats_in_the_wall
D:5:      layout_rooms
D:6:      layout_basic, ebering_ghost_disaster_area, st_stairs_5,
          minmay_fountain_box, minmay_liquid_box, moated_statue
D:7:      layout_basic, minmay_temple_entry_tees,
          hellmonk_ghost_happy_afterlife, st_stairs_8
D:8:      layout_basic, lemuel_coloured_pillars_altar
D:9:      layout_long_grid, hiddenorc2_lemuel, serial_shops,
          nicolae_shop_overgrown_old_shop, shop_fountains, shop,
          nicolae_lakefront_shop, guppyfry_early_elven_hall
D:10:     layout_cave_pods
D:11:     layout_roguey, grunt_lair_entry_orc_guard_hut,
          minmay_shop_grid_forest, uniq_erica
D:12:     layout_cave_pools
D:13:     layout_rooms, david_vaults_2, gauntlet_entry_generic, minivault_16,
          uniq_azrael
D:14:     layout_roguey, serial_shops, nicolae_shop_waterfront, minivault_16,
          lightli_fourway_metalbox, uniq_frances
D:15:     gammafunk_depths_entry_grave, layout_loops_ring, enter_trove_1,
          door_vault
Temple:   mainiacjoe_temple_circle_huts
Lair:1:   layout_cave_pods, uniq_gastronok
Lair:2:   layout_big_grid, chequers_serial_rivers_micro_e, serial_bayou_shore_a,
          uniq_fannar
Lair:3:   layout_regular_city, hellmonk_spider_entry_not_the_bees,
          serial_bayou_pond_a, grunt_megastairs_4, infiniplex_staircase_pool,
          uniq_prince_ribbit2, uniq_urug
Lair:4:   gammafunk_indiana_jones, layout_regular_city,
          minmay_swamp_entry_worms, serial_bayou_pond_e, uniq_josephine
Lair:5:   layout_cave_pods, minivault_11, eino_house_with_fridge,
          grunt_megastairs_2, lemuel_fruit_tree
Lair:6:   hangedman_lair_in_review, layout_regular_city,
          guppyfry_lair_end_dragon, slime_altar_1
Swamp:1:  layout_basic_swamp, evilmike_swamp_ruin_house_5,
          nicolae_swamp_soggy_hallways
Swamp:2:  layout_falls_marsh, evilmike_swamp_ruin_rubble_2, swamp_pool2,
          infiniplex_staircase_pool_2
Swamp:3:  layout_falls_marsh, serial_swamp_ruin, evilmike_swamp_ruin_rubble_1,
          evilmike_swamp_ruin_house_4
Swamp:4:  swamp_alternative, layout_basic_swamp
Spider:1: nicolae_spider_mines_2, nicolae_spider_eight_legs, uniq_nikola
Spider:2: layout_chambers
Spider:3: layout_spider_delve, drop_trap
Spider:4: floodkiller_spider_rune_tomb
Orc:1:    layout_diamond_mine, basic_altar, uniq_harold
Orc:2:    st_orc_elflike, layout_caves, basic_altar
Elf:1:    minmay_elf_arrival_plus, layout_gridlike,
          portal_ice_cave_entry_pillars_three, evilmike_minifort,
          item_on_display_a
Elf:2:    nicolae_elf_blades_crystal_corner, layout_rooms,
          nicolae_shop_firing_range
Vaults:1: nicolae_vaults_what_the_h, nicolae_vaults_c_with_doors,
          vaults_room_boxed, hangedman_vaults_locks, hangedman_vaults_capsules,
          nicolae_vaults_little_squares_3, grunt_vaults_twisty,
          hangedman_vaults_maws, layout_vaults_big_room
Vaults:2: st_spiral_rooms, vaults_room_stairs_pillars, v_rooms_3,
          hangedman_vaults_trim, nicolae_vaults_circle_grid_b, v_pattern_4,
          nicolae_vaults_little_squares_6, v_misc_10, dpeg_vaults_monster_box,
          vaults_room_door_ring, layout_vaults_omnibox
Vaults:3: minmay_crypt_entry_necro_gods, nicolae_vaults_twisting_passages,
          vaults_dpeg_ring, v_misc_12, vaults_room_corners, v_misc_24,
          vaults_room_guarded_vault, vaults_room_stairs_pillars, v_misc_5,
          v_rooms_4, vaults_room_stairs_pillars, v_misc_11,
          nicolae_vaults_little_squares_5, nicolae_vaults_little_squares_2,
          nicolae_vaults_diagonal_hallway_7, serial_ice_g,
          layout_vaults_omnicross
Vaults:4: vaults_dpeg_cross, v_misc_22, hangedman_vaults_trim, v_misc_15,
          v_alt_pattern_3, hangedman_vaults_stagger,
          hangedman_vaults_restitches, v_misc_26,
          nicolae_vaults_little_squares_4, grunt_vaults_bifocal,
          nicolae_vaults_display_case, grunt_vaults_focal, layout_vaults_maze,
          serial_hangedman_research, hangedman_research_pyrotechnics,
          hangedman_research_probablistics, hangedman_research_electronics,
          hangedman_research_geology, hangedman_research_thermodynamics,
          serial_shops, nicolae_shop_temple_entry_statues_fountains
Vaults:5
Depths:1: layout_honeycomb, pdpol_wu_jian_five_deadly_venoms,
          grunt_hell_entry_dis_mu, serial_shops, nicolae_shop_advertising_works
          [nicolae_subvault_shop_adworks], drop_trap, xom_confusion_cloud
Depths:2: kennysheep_spiral_hall, layout_gridlike, enter_ziggurat_c,
          grunt_pan_entry_spiral, hell_entry, infiniplex_staircase_squiggle,
          abyss_entry_small_statue_room, drop_trap
Depths:3: lemuel_vampire_tower, layout_gridlike, hangedman_coc_ice_floe,
          grunt_pan_entry_zigzag, roderic_lattice_a, abyss_entry_crystal,
          chequers_serial_rivers_micro_d, infiniplex_staircase_star
Depths:4: grunt_twist_and_shout, layout_basic, grunt_pan_entry_sceptre,
          serial_shops, nicolae_inconvenience_store, okawaru_gym_becter,
          hell_entry, uniq_jory, uniq_saint_roka
Hell
Zot:1:    layout_misc_corridors
Zot:2:    layout_cathedral_of_symmetry, st_stairs_14
Zot:3:    kennysheep_blocky_hall, layout_basic
Zot:4:    layout_concentric_octagons
Zot:5:    layout_gridlike

Skill      XL: |  1  2  3  4  5  6  7  8  9 10 11 12 13 14 15 16 17 18 19 20 21 22 23 24 25 26 27 |
---------------+----------------------------------------------------------------------------------+-----
Transmutations | 1 2 |  2.2
Earth Magic    | 4 5 6 7 9 11 12 13 14 15 17 18 20 21 | 21.0
Dodging        | 2 3 5 7 8 9 10 12 | 12.2
Stealth        | 3 4 7 8 11 13 | 13.7
Spellcasting   | 3 4 5 7 8 9 10 11 12 13 15 16 17 18 19 | 19.4
Fighting       | 2 4 6 8 9 10 11 13 15 16 | 16.0
Conjurations   | 1 5 7 9 10 11 12 14 16 18 19 20 21 | 21.2
Shields        | 2 5 6 7 10 | 10.0
Evocations     | 3 5 7 8 9 11 12 | 12.2
Armour         | 5 7 |  7.6
Axes           | 3 4 7 9 |  9.3
Necromancy     | 4 7 8 9 |  9.0
Fire Magic     | 3 |  3.9
Hexes          | 1 4 |  4.3
Air Magic      | 1 5 8 |  8.3
Ice Magic      | 4 8 9 12 | 12.3
Summonings     | 1 8 |  8.7

Action                   |  1- 3 |  4- 6 |  7- 9 | 10-12 | 13-15 | 16-18 | 19-21 | 22-24 | 25-27 || total
-------------------------+-------+-------+-------+-------+-------+-------+-------+-------+-------++-------
Melee: Whip              |   128 |   113 |       |       |       |       |       |       |       ||   241
       Punch             |     1 |     2 |       |       |       |       |       |       |       ||     3
       Hand axe          |       |    83 |    53 |    28 |       |       |       |       |       ||   164
       Quarterstaff      |       |    49 |   193 |       |       |       |       |       |       ||   242
       War axe           |       |       |       |   242 |    20 |       |       |       |       ||   262
       Broad axe         |       |       |       |       |   406 |   429 |   425 |   674 |   230 ||  2164
       Trident           |       |       |       |       |       |       |   142 |       |       ||   142
 Cast: Sandblast         |    12 |    31 |   126 |    32 |       |    16 |    26 |       |       ||   243
       Stone Arrow       |       |       |       |   187 |   516 |   501 |   108 |    16 |       ||  1328
       Conjure Flame     |       |       |       |       |     3 |       |       |       |       ||     3
       Lightning Bolt    |       |       |       |       |       |    81 |    91 |    33 |     3 ||   208
       Fulminant Prism   |       |       |       |       |       |    12 |       |       |       ||    12
       Dispel Undead     |       |       |       |       |       |    18 |     1 |       |       ||    19
       Iskenderun's Batt |       |       |       |       |       |    35 |       |       |       ||    35
       Petrify           |       |       |       |       |       |     5 |       |       |       ||     5
       Orb of Destructio |       |       |       |       |       |   129 |   135 |       |    25 ||   289
       Freezing Cloud    |       |       |       |       |       |    17 |    68 |    46 |    18 ||   149
       Spellforged Servi |       |       |       |       |       |       |    39 |    20 |    49 ||   108
       Swiftness         |       |       |       |       |       |       |     2 |       |     1 ||     3
       Lehudib's Crystal |       |       |       |       |       |       |    73 |   421 |   275 ||   769
       Ozocubu's Refrige |       |       |       |       |       |       |       |    45 |    52 ||    97
       Ozocubu's Armour  |       |       |       |       |       |       |       |     9 |     3 ||    12
       Borgnjor's Vile C |       |       |       |       |       |       |       |     1 |    20 ||    21
       Summon Mana Viper |       |       |       |       |       |       |       |       |     6 ||     6
       Blink             |       |       |       |       |       |       |       |       |     3 ||     3
Evoke: Wand              |       |       |     1 |     2 |    15 |    25 |     6 |    15 |    28 ||    92
       Phial of floods   |       |       |       |       |       |       |     1 |       |       ||     1
       Condenser vane    |       |       |       |       |       |       |       |       |     2 ||     2
  Use: Scroll            |       |     4 |     4 |    13 |     8 |    14 |     4 |     4 |    12 ||    63
       Potion            |       |     2 |     2 |     3 |     2 |     9 |     7 |     4 |    12 ||    41
 Stab: Sleeping          |     1 |     3 |     6 |     2 |     2 |     1 |     3 |     3 |     1 ||    22
       Distracted        |       |     1 |     1 |     1 |       |     1 |     6 |     3 |     7 ||    20
       Confused          |       |       |     1 |       |       |       |       |       |       ||     1
       Invisible         |       |       |       |       |    24 |    16 |    22 |    14 |     8 ||    84
       Petrified         |       |       |       |       |       |    10 |       |       |       ||    10
       Paralysed         |       |       |       |       |       |       |     1 |       |       ||     1
Armor: Leather armour    |    75 |   105 |   176 |   218 |   201 |   443 |   158 |       |       ||  1376
       Ring mail         |     7 |       |       |       |       |       |       |       |       ||     7
       Robe              |       |       |       |       |       |       |    97 |       |       ||    97
       Animal skin       |       |       |       |       |       |       |   170 |   446 |   192 ||   808
Dodge: Dodged            |    85 |   182 |   239 |   195 |   434 |   862 |   831 |   738 |   315 ||  3881
Block: Buckler           |       |       |    15 |   161 |   376 |   698 |   678 |   586 |   239 ||  2753
       Reflection        |       |       |       |       |     8 |    32 |    40 |    28 |     3 ||   111
